AoeStats
← fdsalamanca

Four Lakes

509665369Analyzed
1v1 RM · 3d ago on Sep 27, 2026· 42m 4s· 2 players
Game mode
Random Map
Map size
Tiny (2 player)
Population
200
Speed
Normal
Resources
Standard
Victory
Conquest
Starting age
Dark Age
Ending age
Imperial Age
RankedLock teamsTeams togetherTeam positionsShared explorationLock speedFull tech treeHidden civsTurbo modeCheats
Victory
Defeat
🇨🇱 Mongols · Chile
1111
+14
🇨🇱 Khmer · Chile
1066
-14
gitPushOriginMaster
3:18 Loom
10:36 Loom
12:45 Feudal Age
15:30 Castle Age
17:44 Fishing Lines
18:09 Gold Mining
17:44 Pikeman
18:24 Gillnets
18:59 Double-Bit Axe
22:30 Husbandry
23:21 Stone Mining
25:17 Wheelbarrow
27:45 Town Watch
36:04 Gold Shaft Mining
36:04 Stone Shaft Mining
38:33 Imperial Age
40:30 Ballistics
39:33 Elite Ballista Elephant
40:56 Bloodlines
41:08 Fletching
41:49 Bodkin Arrow
fdsalamanca
8:49 Feudal Age
8:46 Loom
9:41 Double-Bit Axe
13:40 Wheelbarrow
13:30 Horse Collar
16:45 Fishing Lines
18:07 Town Watch
20:50 Castle Age
18:42 Gold Mining
20:13 Bloodlines
21:14 Scale Barding Armor
21:25 Forging
21:57 Hand Cart
22:20 Gold Shaft Mining
21:56 Bow Saw
23:16 Gillnets
23:44 Scale Barding Armor
25:58 Stone Mining
26:49 Husbandry
26:16 Light Cavalry
27:25 Town Patrol
29:54 Chain Barding Armor
30:10 Iron Casting
29:28 Fletching
29:39 Padded Archer Armor
31:18 Stone Shaft Mining
31:40 Ballistics
34:26 Bodkin Arrow
34:47 Leather Archer Armor
35:34 Thumb Ring
40:49 Imperial Age
40:57 Heavy Camel Rider
42:07 Parthian Tactics
Connection lost

Rejoining the realm…

Still unreachable

The connection could not be restored.

Session expired

The server has moved on; the page needs a fresh start.